 Dungeon Crawl Stone Soup version 0.28-a0-1382-g92835e5c71 (webtiles) character file.

Game seed: 2571923398900554581

92918 dolemite99 the Severer (level 15, -2/120 HPs)
             Began as a Demonspawn Fighter on Jan 2, 2022.
             Was an Initiate of Gozag.
             Slain by an orc knight (38 damage)
             ... on level 2 of the Orcish Mines.
             The game lasted 00:39:01 (33219 turns).

dolemite99 the Severer (Demonspawn Fighter)        Turns: 33219, Time: 00:39:01

Health: -2/120     AC: 26    Str: 27    XL:     15   Next: 59%
Magic:  0/15       EV: 13    Int: 17    God:    Gozag
Gold:   4633       SH:  8    Dex: 14    Spells: 14/14 levels left

rFire   + . .      SeeInvis .   a - +2 war axe (spect)
rCold   . . .      Faith    .   (no shield)
rNeg    + + +      Spirit   +   J - +2 plate armour {rF+}
rPois   .          Reflect  .   (helmet restricted)
rElec   +          Harm     .   U - +2 cloak
rCorr   +          Rampage  .   y - +0 pair of gloves
Will    ++...                   O - +2 pair of boots "Nuffip" {rN++ Int+4 Stlth-}
Stlth   ..........              m - amulet of the acrobat
HPRegen 0.30/turn               p - ring of Igyav Ufevve {Will+ Str+2 Int+2 Slay+4}
MPRegen 0.28/turn               H - ring of Jususoz {rElec rN+ rCorr Str+2 Dex+2}

@: mighty, agile, lethally poisoned (-2 -> -4), gold aura, hasted, very quick
A: antennae 2, large bone plates 3, powered by pain 1, magic shield, magic
regeneration
a: Renounce Religion, Potion Petition, Call Merchant, Bribe Branch


You were on level 2 of the Orcish Mines.
You worshipped Gozag.
Gozag was most pleased with you.
You visited 3 branches of the dungeon, and saw 23 of its levels.
You also visited: Sewer.

You collected 9539 gold pieces.
You spent 560 gold pieces at shops.
You paid 4346 gold pieces to Gozag.

Inventory:

Hand Weapons
 a - a +2 spectral war axe (weapon)
 b - a +1 vorpal arbalest
 D - a +1 battleaxe of freezing
 M - a +0 flail of flaming
Missiles
 k - 22 javelins
 n - 631 stones
 s - 53 poisoned darts (quivered)
 w - 5 throwing nets
 I - 9 curare-tipped darts
 W - 131 bolts
Armour
 c - a +0 buckler
 y - a +0 pair of gloves (worn)
 J - a +2 plate armour of fire resistance (worn)
 O - the +2 pair of boots "Nuffip" (worn) {rN++ Int+4 Stlth-}
   (You found it on level 14 of the Dungeon)

   Int:       It affects your intelligence (+4).
   rN:        It greatly protects you from negative energy.
   Stlth:     It makes you less stealthy.
 U - a +2 cloak (worn)
Jewellery
 e - a ring of wizardry
 m - an amulet of the acrobat (around neck)
 p - the ring of Igyav Ufevve (left hand) {Will+ Str+2 Int+2 Slay+4}
   (You found it on level 14 of the Dungeon)

   [ring of slaying]

   Str:       It affects your strength (+2).
   Int:       It affects your intelligence (+2).
   Slay:      It affects your accuracy & damage with ranged weapons and melee
   (+4).
   Will:      It increases your willpower.
 C - the ring of Idualle {Will+ Int+4 Dex+7}
   (You found it on level 14 of the Dungeon)

   [ring of willpower]

   Int:       It affects your intelligence (+4).
   Dex:       It affects your dexterity (+7).
   Will:      It increases your willpower.
 G - a ring of fire
 H - the ring of Jususoz (right hand) {rElec rN+ rCorr Str+2 Dex+2}
   (You found it on level 8 of the Dungeon)

   [ring of positive energy]

   Str:       It affects your strength (+2).
   Dex:       It affects your dexterity (+2).
   rElec:     It insulates you from electricity.
   rN:        It protects you from negative energy.
   rCorr:     It protects you from acid and corrosion.
 R - an amulet of reflection
 Y - a ring of protection from fire
Wands
 d - a wand of iceblast (11)
 o - a wand of paralysis (10)
 u - a wand of polymorph (4)
 z - a wand of mindburst (21)
 B - a wand of charming (2)
 V - a wand of digging (7)
Scrolls
 f - 13 scrolls of teleportation
 h - 3 scrolls of noise
 r - 3 scrolls of brand weapon
 t - 2 scrolls of blinking
 Q - 3 scrolls of magic mapping
 T - 4 scrolls of identify {@r1}
Potions
 g - a potion of brilliance
 j - 4 potions of flight
 l - 3 potions of cancellation
 q - a potion of berserk rage
 v - 6 potions of ambrosia
 x - 5 potions of mutation
 A - 8 potions of attraction
 F - 2 potions of lignification
 K - 6 potions of curing
 X - 2 potions of resistance
 Z - a potion of invisibility {unknown}
Miscellaneous
 L - a phantom mirror (inert)
 N - a lightning rod (1/4)
 P - a lightning rod (1/4)


   Skills:
 - Level 11.7 Fighting
 - Level 15.4(16.0) Axes
 - Level 7.0(12.1) Maces & Flails
 + Level 8.5 Crossbows
 - Level 12.3 Armour
 - Level 2.6 Shields
 - Level 10.4 Evocations


You had 14 spell levels left.
You didn't know any spells.
Your spell library contained the following spells:

 Spells                   Type           Power      Damage    Failure   Level
 Sublimation of Blood     Necr           0%         N/A       95%         2
 Call Canine Familiar     Summ           0%         N/A       99%         3
 Gell's Gravitas          Tloc           0%         N/A       99%         3
 Ignite Poison            Fire/Tmut/Pois 0%         N/A       99%         3
 Mephitic Cloud           Conj/Pois/Air  0%         N/A       99%         3
 Ozocubu's Armour         Ice            0%         N/A       99%         3
 Portal Projectile        Hex/Tloc       0%         N/A       99%         3
 Stone Arrow              Conj/Erth      0%         3d7       99%         3
 Teleport Other           Tloc           0%         N/A       99%         3
 Animate Armour           Summ/Erth      0%         N/A       100%        4
 Leda's Liquefaction      Hex/Erth       0%         N/A       100%        4
 Petrify                  Tmut/Erth      0%         N/A       100%        4
 Alistair's Intoxication  Tmut/Pois      0%         N/A       100%        5
 Borgnjor's Vile Clutch   Necr/Erth      0%         N/A       100%        5
 Freezing Cloud           Conj/Ice/Air   0%         6-21      100%        5
 Irradiate                Conj/Tmut      0%         3d13      100%        5
 Metabolic Englaciation   Hex/Ice        0%         N/A       100%        5
 Dispersal                Tloc           0%         N/A       100%        6
 Eringya's Noxious Bog    Tmut/Pois      0%         N/A       100%        6
 Simulacrum               Ice/Necr       0%         N/A       100%        6
 Lehudib's Crystal Spear  Conj/Erth      0%         10d2      100%        8


Dungeon Overview and Level Annotations

Branches:
Dungeon (15/15)            Temple (0/1) D:4            Lair (6/6) D:10
 Shoals (0/4) Lair:4       Spider (0/4) Lair:4        Slime (0/5) Lair:5
    Orc (2/2) D:12            Elf (0/3) Orc:2        Vaults (0/5) D:13
 Depths (0/4) D:15          Sewer (visited)

Altars:
Ashenzari
Dithmenos
Gozag
Hepliaklqana
Nemelex Xobeh
Okawaru
Qazlal
Ru
Trog
Vehumet
Wu Jian
Xom
Yredelemnul
Zin
Beogh
Jiyva

Shops:
D:1 :   D:9 :   D:10 [   Orc:1 *   Orc:2 (?

Portals:
Trove: D:12 (give 5 potions of resistance)

Annotations:
Lair:4 3 runed translucent doors, Jysajome's ghost, adept OgCj


Innate Abilities, Weirdness & Mutations

You have a pair of antennae on your head.
You are completely covered in large bone plates. (SH +8)
You sometimes gain a little power by taking damage.
When hurt, damage is shared between your health and your magic reserves.
You regenerate magic rapidly.


Message History

You catch the helpless Saint Roka completely off-guard!
You hit Saint Roka but do no damage.
Saint Roka is severely wounded.
Your +2 spectral war axe closely misses Saint Roka.
You feel sick. The orc knight barely misses you.
You slice Saint Roka!!
Saint Roka is almost dead.
Your +2 spectral war axe hits Saint Roka.
You feel sick.
Saint Roka hits you with a +2 halberd of venom!
* * * LOW HITPOINT WARNING * * *
You closely miss Saint Roka.
Saint Roka is almost dead.
Your +2 spectral war axe hits Saint Roka!!
You feel sick. You block the orc knight's attack.
You catch the helpless Saint Roka completely off-guard!
You hit Saint Roka.
Saint Roka is almost dead.
Your +2 spectral war axe hits Saint Roka!
You kill Saint Roka!
You feel sick.
Your lightning rod (1/4) has regained one charge.
You feel sick.
The orc knight hits you with a +1 halberd of protection!!
* * * LOW HITPOINT WARNING * * *
You focus on the pain.
You feel very mighty all of a sudden.
Items here: $ ( )) [.
You slice the orc knight!!
The orc knight is moderately wounded.
You slash the orc!
You kill the orc!
Your +2 spectral war axe hits the orc knight!
You feel much better.
You feel sick.
The orc knight hits you with a +1 halberd of protection.
* * * LOW HITPOINT WARNING * * *
You feel much better.
The orc knight hits you with a +1 halberd of protection!!!
You die...
Your body crumbles into a pile of gold.

###'######'# *,,#...
#...#......###***,....
#.###'#######.* **,...
#.#.....# #.####*.#.
#.'.._..# #....#####
#.#..)).# *#......##
#.###'########........
#...§.#.....#...))....
#####@#.....#...)<)...
#∩..#o§..⌠..#...))....
#...).#..)..#.........
#...#.#..)(.#........#
#####.###)###......###
*,,,#.#.).).......###.
#{{($.#...........##..
#{{.#.##.........#####
#####+##.......###.##.


You could see an orc knight (strong).

Vanquished Creatures
  Saint Roka (Orc:2)
  Frances (D:13)
  A dire elephant (Lair:6)
  Josephine (Lair:4)
  6 hydras
  2 boulder beetles
  A catoblepas (Lair:5)
  A merfolk avatar (Lair:6)
  4 two-headed ogres
  A tengu warrior (D:15)
  Urug (D:10)
  A fire crab (Lair:5)
  2 sea snakes (Lair:6)
  2 orc knights (Orc:2)
  2 deep elf pyromancers
  10 ugly things
  An orc sorcerer (Orc:2)
  4 wolf spiders
  5 manticores
  An oklob plant (D:10)
  2 cyclopes
  6 black mambas
  A water nymph (shapeshifter) (D:13)
  10 cane toads
  17 elephants
  2 gargoyles
  Maggie (D:10)
  11 komodo dragons
  3 yaktaurs (D:13)
  13 rime drakes
  An unseen horror (D:10)
  A tengu conjurer (D:14)
  2 trolls
  11 slime creatures
  Grinder (D:5)
  4 polar bears
  3 snapping turtles
  33 blink frogs
  3 hornets (Lair:6)
  16 dream sheep
  A meliai zombie (D:11)
  6 wyverns
  2 shadows (D:11)
  5 wraiths (Lair:4)
  A culicivora (shapeshifter) (D:11)
  38 yaks
  14 steam dragons
  3 redbacks (Lair:4)
  Eustachio (D:5)
  2 basilisks
  3 acid dragons
  3 wargs (Orc:2)
  15 water moccasins
  Pargi (Sewer)
  13 orc warriors
  4 black bears
  A necrophage (D:5)
  10 ogres
  A black bear (shapeshifter) (D:15)
  7 centaurs
  28 wolves
  2 phantoms
  15 bullfrogs
  5 kobold brigands
  A gnoll sergeant (D:11)
  A scorpion (D:6)
  A wyvern zombie (D:8)
  5 killer bees (D:9)
  10 wights
  9 howler monkeys
  A jelly (D:4)
  An electric eel (Lair:4)
  A bullfrog zombie (D:5)
  11 centaur zombies
  9 orc priests
  Crazy Yiuf (D:4)
  A gnoll shaman (D:5)
  A scorpion zombie (D:5)
  2 iguanas (D:6)
  13 orc wizards
  6 hell rats
  A killer bee zombie (D:6)
  A human simulacrum (D:13)
  9 gnolls
  8 adders
  3 river rats (D:6)
  3 worms
  A dart slug (D:2)
  59 orcs
  7 bats
  4 endoplasms
  2 giant cockroaches (D:3)
  2 goblins
  4 hobgoblins
  3 jackals
  4 quokkas
  5 ball pythons
  4 frilled lizards
  18 kobolds
  A quokka skeleton (D:4)
  6 rats
  A bush (Lair:2)
  2 butterflies (Lair:3)
592 creatures vanquished.

Vanquished Creatures (collateral kills)
  The ghost of Urgle the Severer, a journeyman DsBe of Trog (D:14)
  A yaktaur captain (D:14)
  2 centaur warriors
  A tengu warrior (D:14)
  An orc knight (D:15)
  A deep elf pyromancer (D:12)
  3 manticores
  A cyclops (D:15)
  6 centaur zombies (D:11)
  A gargoyle (D:12)
  A blink frog (Lair:6)
  2 slime creatures (D:13)
  3 vampires
  5 yaks
  A golden eye (shapeshifter) (D:14)
  2 acid dragons (D:11)
  A floating eye (shapeshifter) (D:15)
  A black bear (shapeshifter) (D:14)
  An orc warrior (D:15)
  An orc wizard (D:15)
  A human simulacrum (D:13)
  An orc (D:15)
38 creatures vanquished.

Vanquished Creatures (others)
  Nessos (D:14)
  A two-headed ogre (D:13)
  A deep troll earth mage (D:14)
  A centaur warrior (D:14)
  2 deep elf archers
  3 deep elf pyromancers
  A deep elf zephyrmancer (D:13)
  A cyclops (D:12)
  A yaktaur (D:13)
  2 trolls
  A dream sheep (Lair:5)
  A basilisk (D:14)
  A steam dragon (Lair:3)
  A boggart (D:13)
  A centaur (D:13)
  2 kobold brigands (D:13)
  An orc wizard (D:14)
  A kobold (D:13)
  51 fungi
  82 plants
156 creatures vanquished.

Grand Total: 786 creatures vanquished

Notes
Turn   | Place    | Note
-------+----------+-------------------------------------------
     0 | D:1      | dolemite99 the Demonspawn Fighter began the quest for the
                  | Orb.
     0 | D:1      | Reached XP level 1. HP: 18/18 MP: 1/1
    48 | D:1      | Found Zodwit's Book Emporium.
   194 | D:1      | Reached skill level 2 in Axes
   440 | D:1      | Gained mutation: You regenerate magic rapidly. [demonic
                  | ancestry]
   440 | D:1      | Reached XP level 2. HP: 24/24 MP: 2/2
   509 | D:1      | You fall into a shaft and drop 1 floor!
   616 | D:2      | Reached skill level 3 in Axes
   629 | D:2      | Found a faded altar of an unknown god.
   854 | D:2      | Gained mutation: You are partially covered in large bone
                  | plates. (SH +4) [demonic ancestry]
   854 | D:2      | Reached XP level 3. HP: 26/29 MP: 3/3
  1892 | D:3      | Found an opulent altar of Gozag.
  1909 | D:3      | Reached XP level 4. HP: 35/35 MP: 4/4
  1911 | D:3      | Became a worshipper of Gozag Ym Sagoz the Greedy
  1964 | D:3      | Reached skill level 4 in Axes
  2420 | D:3      | Found an ornate altar of the Wu Jian Council.
  2429 | D:3      | Found a shimmering altar of Xom.
  3460 | D:4      | Noticed a phantom
  3463 | D:4      | Reached XP level 5. HP: 36/41 MP: 5/5
  3466 | D:4      | Killed a phantom
  3467 | D:4      | Reached skill level 5 in Axes
  3613 | D:4      | Reached XP level 6. HP: 47/47 MP: 6/6
  3636 | D:4      | Reached skill level 6 in Axes
  3659 | D:4      | Found a staircase to the Ecumenical Temple.
  4176 | D:4      | Found a runed translucent door.
  4177 | D:4      | Noticed Crazy Yiuf
  4190 | D:4      | Killed Crazy Yiuf
  4343 | D:4      | Found an iron altar of Okawaru.
  4532 | D:5      | Entered Level 5 of the Dungeon
  4537 | D:5      | Reached skill level 7 in Axes
  4537 | D:5      | Gained mutation: You have a pair of small antennae on your
                  | head. [demonic ancestry]
  4537 | D:5      | Reached XP level 7. HP: 37/52 MP: 7/7
  4760 | D:5      | Found a shadowy altar of Dithmenos.
  4760 | D:5      | Noticed Grinder
  4807 | D:5      | Killed Grinder
  4808 | D:5      | Reached skill level 8 in Axes
  5131 | D:5      | Reached XP level 8. HP: 57/58 MP: 8/8
  5285 | D:5      | Noticed Eustachio
  5288 | D:5      | Killed Eustachio
  5289 | D:5      | Reached skill level 9 in Axes
  5355 | D:5      | Found a sacrificial altar of Ru.
  5824 | D:5      | Reached skill level 10 in Axes
  5977 | D:6      | Noticed a troll
  6003 | D:5      | Killed a troll
  6373 | D:6      | Found a glowing drain.
  6390 | Sewer    | Entered a sewer
  6422 | Sewer    | Noticed Pargi
  6440 | Sewer    | Killed Pargi
  6441 | Sewer    | Gained mutation: You are mostly covered in large bone
                  | plates. (SH +6) [demonic ancestry]
  6441 | Sewer    | Reached XP level 9. HP: 63/63 MP: 9/9
  6679 | D:6      | Found a radiant altar of Vehumet.
  7250 | D:7      | Reached skill level 5 in Fighting
  8110 | D:8      | Gained mutation: You have a pair of antennae on your head.
                  | [demonic ancestry]
  8110 | D:8      | Reached XP level 10. HP: 73/82 MP: 10/10
  8158 | D:8      | Found a bloodstained altar of Trog.
  8233 | D:8      | Reached skill level 10 in Fighting
  8323 | D:8      | Noticed a white ugly thing
  8332 | D:8      | Killed a white ugly thing
  8829 | D:8      | Identified the ring of Jususoz {rElec rN+ rCorr Str+2
                  | Dex+2}
  9381 | D:9      | Found a flagged portal.
  9413 | D:9      | Noticed a two-headed ogre
  9661 | D:9      | Killed a two-headed ogre
  9707 | D:9      | Reached skill level 5 in Armour
  9880 | D:9      | Gained mutation: You are completely covered in large bone
                  | plates. (SH +8) [demonic ancestry]
  9880 | D:9      | Reached XP level 11. HP: 90/91 MP: 11/11
 10181 | D:9      | Found Luuffep's Book Shop.
 10356 | D:9      | Found a stormy altar of Qazlal.
 10556 | D:10     | Entered Level 10 of the Dungeon
 10592 | D:10     | Noticed Maggie
 10606 | D:10     | Killed Maggie
 10846 | D:10     | Identified the +6 chain mail "Hoym" {rElec}
 10914 | D:10     | Found a sparkling altar of Nemelex Xobeh.
 10941 | D:10     | Noticed an oklob plant
 11152 | D:10     | Found a staircase to the Lair.
 11162 | D:10     | Killed an oklob plant
 11172 | D:10     | Noticed Urug
 11182 | D:10     | Killed Urug
 11679 | D:10     | Found a broken altar of Ashenzari.
 11687 | D:10     | Identified a scroll of acquirement
 11687 | D:10     | Acquired 683 gold pieces
 12425 | D:10     | Bought a +2 plate armour of fire resistance for 560 gold
                  | pieces
 12438 | Lair:1   | Entered Level 1 of the Lair of Beasts
 12764 | Lair:1   | Reached skill level 1 in Maces & Flails
 13084 | Lair:1   | Reached skill level 5 in Maces & Flails
 14148 | Lair:2   | Reached XP level 12. HP: 100/100 MP: 12/12
 14472 | Lair:2   | Acquired 981 gold pieces
 14554 | Lair:2   | You fall into a shaft and drop 2 floors!
 14564 | Lair:4   | Found a runed translucent gate.
 14564 | Lair:4   | Found a runed translucent gate.
 14564 | Lair:4   | Found a runed translucent gate.
 14586 | Lair:4   | Noticed Josephine
 14599 | Lair:4   | Killed Josephine
 14613 | Lair:4   | Reached skill level 10 in Armour
 14895 | Lair:4   | Noticed a six-headed hydra
 14911 | Lair:4   | Killed a seven-headed hydra
 17985 | Lair:3   | Reached skill level 11 in Axes
 18626 | Lair:4   | Found a hole to the Spider Nest.
 18648 | Lair:4   | Reached XP level 13. HP: 100/106 MP: 13/13
 19179 | Lair:4   | Found a staircase to the Shoals.
 19282 | Lair:4   | Noticed Jysajome's ghost (adept OgCj)
 19635 | Lair:5   | Reached skill level 12 in Axes
 20230 | Lair:5   | Reached skill level 13 in Axes
 21087 | Lair:5   | Found a viscous altar of Jiyva.
 21087 | Lair:5   | Found a staircase to the Slime Pits.
 21149 | Lair:5   | Reached skill level 14 in Axes
 21548 | Lair:6   | Entered Level 6 of the Lair of Beasts
 22163 | Lair:6   | Reached skill level 15 in Axes
 22164 | Lair:6   | Gained mutation: When hurt, damage is shared between your
                  | health and your magic reserves. [demonic ancestry]
 22164 | Lair:6   | Reached XP level 14. HP: 103/113 MP: 14/14
 22612 | Lair:6   | Identified the +1 helmet of the Learner {Contam rF+++ Str+4
                  | Dex+2}
 22657 | Lair:6   | Noticed Sonja
 22658 | Lair:6   | Noticed Sonja
 22658 | Lair:6   | Sonja changed into Sonja the blink frog
 22658 | Lair:6   | Killed Sonja the blink frog
 22794 | Lair:6   | Reached skill level 1 in Evocations
 23217 | Lair:6   | Reached skill level 5 in Evocations
 24268 | D:11     | Found a basalt altar of Yredelemnul.
 25012 | D:12     | Found a portal to a secret trove of treasure.
 25353 | D:12     | Found a staircase to the Orcish Mines.
 26206 | D:13     | Reached skill level 10 in Evocations
 26233 | D:13     | Noticed Frances
 27001 | D:13     | Found a gate to the Vaults.
 27313 | D:14     | Gained mutation: You sometimes gain a little power by
                  | taking damage. [demonic ancestry]
 27313 | D:14     | Reached XP level 15. HP: 120/120 MP: 15/15
 27372 | D:13     | Killed Frances
 27373 | D:13     | Reached skill level 1 in Crossbows
 27878 | D:14     | Found a runed translucent gate.
 27879 | D:14     | Found a runed translucent gate.
 27881 | D:14     | Found a runed translucent gate.
 27886 | D:14     | Noticed Urgle's ghost (journeyman DsBe)
 28530 | D:14     | Noticed Nessos
 28618 | D:14     | Identified the +2 pair of boots "Nuffip" {rN++ Int+4
                  | Stlth-}
 28713 | D:14     | Found a runed translucent door.
 28720 | D:14     | Noticed a tengu reaver
 29422 | D:14     | Identified the ring of Idualle {Will+ Int+4 Dex+7}
 29423 | D:14     | Identified the ring of Igyav Ufevve {Will+ Str+2 Int+2
                  | Slay+4}
 29649 | D:15     | Entered Level 15 of the Dungeon
 30077 | D:15     | Reached skill level 5 in Crossbows
 30553 | D:15     | Found a staircase to the Depths.
 30553 | D:15     | Noticed a frost giant
 30592 | D:15     | Found a hazy altar of Hepliaklqana.
 30649 | D:15     | Found a shadowy altar of Dithmenos.
 30839 | D:14     | Killed Urgle's ghost
 30880 | D:14     | Your ally Nessos died
 31052 | Orc:1    | Entered Level 1 of the Orcish Mines
 31805 | Orc:1    | Found Fisukarch's General Store.
 32014 | Orc:2    | Entered Level 2 of the Orcish Mines
 33145 | Orc:2    | Found Nihuru's Weapon Emporium.
 33167 | Orc:2    | Found Fyripoq's Magic Scroll Shoppe.
 33172 | Orc:2    | Noticed Saint Roka
 33215 | Orc:2    | Killed Saint Roka
 33216 | Orc:2    | HP: 2/120 [orc knight (26)]
 33219 | Orc:2    | Slain by an orc knight

Illustrated notes

Levels and vault maps discovered:
D:1:      dpeg_arrival_refuge, layout_basic, serial_shops,
          nicolae_shop_advertising_works [nicolae_subvault_shop_adworks],
          grunt_decor_junction, minmay_statues_item, minmay_cut_off
D:2:      layout_basic, ebering_ecumenical_altar_sacrificial,
          minmay_close_crescents
D:3:      layout_basic, old_standard_altar, nicolae_overflow_hidden_temple
D:4:      layout_basic, nicolae_overflow_crystal_walls,
          minmay_temple_entry_grid, uniq_crazy_yiuf_cottage
D:5:      layout_loops_corners, mainiacjoe_overflow_tiny_flanked,
          nicolae_ru_great_annihilating_truth, uniq_grinder, uniq_eustachio
D:6:      layout_basic, mainiacjoe_overflow_24_doors, lightli_sewer_entry_pipes,
          serial_park_tiny_pond
D:7:      layout_gridville
D:8:      layout_rooms, old_standard_altar
D:9:      hellmonk_crumbling_castle, layout_loops_corners,
          nicolae_qazlal_eye_of_the_storm, zin_statuary, enter_bailey_8,
          serial_shops, nicolae_shop_stone
D:10:     layout_loops_ring, overflow_temple_1_default,
          mainiacjoe_overflow_surrounded_room, dpeg_oklobed_lair, minmay_holes,
          dk_vineyard_1, minivault_25, dk_rats_in_the_wall, uniq_urug,
          uniq_maggie
D:11:     minmay_angry_zag, layout_irregular_city,
          nicolae_yredelemnul_corpse_copse
D:12:     layout_long_grid, orc_0_dummy, nicolae_trove_entry_crystal
D:13:     layout_stronghold, hangedman_vaults_entry_quadrant_bands,
          bh_circular_ruins, uniq_frances
D:14:     layout_layer_cave, gammafunk_ghost_split, chequers_garden,
          hangedman_decor_lopped, st_stairs_10, chequers_serial_rivers_room_a,
          minivault_13, uniq_nessos
D:15:     grunt_enter_depths_snipers, layout_cave_pools,
          nicolae_dithmenos_the_darkroom, nzn_hepliaklqana_mist_gate
Lair:1:   layout_hall_layers, lemuel_fruit_fields
Lair:2:   layout_loops_ring
Lair:3:   layout_misc_corridors, bobbens_dragon_lair_wall, lemuel_fruit_fields
Lair:4:   layout_cave_pods, minmay_shoals_entry_hut,
          spider_nest_entry_funnel_web, gammafunk_ghost_icy, uniq_josephine
Lair:5:   layout_cave_pods, slime_altar_1, grunt_megastairs_5
Lair:6:   gammafunk_lair_ancient_temple, layout_cave_pods,
          chequers_serial_rivers_small_3, nicolae_lair_run_with_the_wolves,
          uniq_sonja
Orc:1:    layout_caves, serial_shops, nicolae_shop_behind_doors,
          nicolae_orc_lava_room
Orc:2:    pubby_orc_utopia, serial_shops, uniq_saint_roka, uniq_rupert

Skill      XL: |  1  2  3  4  5  6  7  8  9 10 11 12 13 14 15 |
---------------+----------------------------------------------+-----
Axes           | 2 3 4 5 7 8 10 11 15 | 15.4
Fighting       | 8 11 | 11.7
Armour         | 5 8 12 | 12.3
Maces & Flails | 7 |  7.0
Evocations     | 10 | 10.4
Crossbows      | 8 |  8.5
Shields        | |  2.6

Action                   |  1- 3 |  4- 6 |  7- 9 | 10-12 | 13-15 || total
-------------------------+-------+-------+-------+-------+-------++-------
Melee: War axe           |    84 |    85 |   158 |   393 |   606 ||  1326
       Flail             |       |       |       |     7 |    13 ||    20
 Fire: Arbalest          |       |       |       |       |   147 ||   147
Throw: Stone             |     6 |     3 |    10 |       |       ||    19
       Javelin           |       |     3 |    21 |       |       ||    24
       Dart              |       |       |       |   126 |   232 ||   358
Invok: Call Merchant     |       |       |       |     1 |       ||     1
       Potion Petition   |       |       |       |     1 |       ||     1
       Bribe Branch      |       |       |       |       |     1 ||     1
Evoke: Wand              |       |       |       |     4 |    35 ||    39
       Phantom mirror    |       |       |       |       |     4 ||     4
       Lightning rod     |       |       |       |       |    13 ||    13
  Use: Scroll            |       |    16 |     4 |    10 |     6 ||    36
       Potion            |       |       |     1 |     4 |     5 ||    10
 Stab: Distracted        |       |       |     1 |     7 |    25 ||    33
Armor: Scale mail        |    32 |    24 |    33 |    12 |       ||   101
       Chain mail        |       |       |       |    45 |   159 ||   204
       Plate armour      |       |       |       |    72 |    80 ||   152
Dodge: Dodged            |    46 |    31 |    75 |   110 |   248 ||   510
Block: Buckler           |    31 |    44 |    56 |   208 |   227 ||   566
       Other             |       |       |       |       |    56 ||    56

Table legend: (Time is in decaauts)
 A = Elapsed time spent in this place.
 B = Non-inter-level travel time spent in this place.
 C = Inter-level travel time spent in this place.
 D = Time resting spent in this place.
 E = Time spent auto-exploring this place.
 F = Levels seen in this place.
 G = Mean time per level.
                   A        B        C        D        E       F      G
               +--------+--------+--------+--------+--------+-----+--------+
         Total |  33344 |  32227 |   1117 |   8261 |  17670 |  24 | 1389.3 |
       Dungeon |  19909 |  19018 |    891 |   4912 |  10473 |  15 | 1327.3 |
          Lair |  11502 |  11289 |    213 |   2598 |   6483 |   6 | 1917.0 |
  Orcish Mines |   1706 |   1693 |     13 |    633 |    671 |   2 |  853.0 |
         Sewer |    225 |    225 |      0 |    118 |     43 |   1 |  225.0 |
               +--------+--------+--------+--------+--------+-----+--------+

Top non-repeatable levels by time:
  Lair:2: 2419 daAuts
  Lair:6: 2408 daAuts
    D:14: 2280 daAuts
    D:10: 2014 daAuts
  Lair:5: 1928 daAuts
    D:13: 1783 daAuts
     D:3: 1727 daAuts
  Lair:4: 1674 daAuts
     D:5: 1670 daAuts
  Lair:3: 1614 daAuts
  Lair:1: 1457 daAuts
     D:8: 1346 daAuts
    D:12: 1338 daAuts
     D:9: 1276 daAuts
   Orc:2: 1198 daAuts
